 Dungeon Crawl Stone Soup version 0.19-a0-683-g5f2401d (webtiles) character file.

11501 Ijustatesigmund the Cleaver (level 11, 0/105 HPs)
             Began as a Hill Orc Fighter on June 17, 2016.
             Was a High Priest of Okawaru.
             Slain by a swamp worm (16 damage)
             ... on level 12 of the Dungeon.
             The game lasted 00:34:47 (11241 turns).

Ijustatesigmund the Cleaver (Hill Orc Fighter)     Turns: 11241, Time: 00:34:48

Health: 0/105      AC: 21    Str: 25    XL:     11   Next: 78%
Magic:  15/15      EV: 12    Int:  8    God:    Okawaru [*****.]
Gold:   1200       SH: 11    Dex: 13    Spells: 0 memorised, 10 levels left

rFire  . . .     SeeInvis .     a - +4 war axe
rCold  + . .     Gourm    .     o - +0 chain mail
rNeg   . . .     Faith    .     c - +0 shield
rPois  .         Spirit   .     r - +1 helmet
rElec  .         Dismiss  .     l - +2 cloak
rCorr  .         Reflect  .     D - +1 pair of gloves "Fojuedwy" {rC+}
SustAt .         Harm     .     e - +1 pair of boots
MR     .....                    (no amulet)
Stlth  ..........               y - +4 ring of evasion
                                k - +5 ring of strength

@: not resistant to hostile enchantments, extremely unstealthy
A: no striking features
a: Heroism, Finesse, Renounce Religion


You were on level 12 of the Dungeon.
You worshipped Okawaru.
Okawaru was extremely pleased with you.
You were hungry.

You visited 2 branches of the dungeon, and saw 13 of its levels.
You also visited: Sewer and Bailey.

You collected 1330 gold pieces.
You spent 130 gold pieces at shops.

Inventory:

Hand Weapons
 a - a +4 war axe (weapon)
Missiles
 x - 8 throwing nets (quivered)
Armour
 c - a +0 shield (worn)
 e - a +1 pair of boots (worn)
 l - a +2 cloak (worn)
 o - a +0 chain mail (worn)
 r - a +1 helmet (worn)
 D - the +1 pair of gloves "Fojuedwy" (worn) {rC+}
   (You found it on level 9 of the Dungeon)

   It protects you from cold.
Jewellery
 k - a +5 ring of strength (left hand)
 y - a +4 ring of evasion (right hand)
 z - an uncursed ring of see invisible
 G - an uncursed ring of protection from cold
Wands
 i - a wand of digging (2/24)
 w - a wand of disintegration (9/24)
Scrolls
 d - a scroll of magic mapping
 m - 5 scrolls of teleportation
 A - a scroll of remove curse
 B - a scroll of amnesia
 C - a scroll of immolation
Potions
 b - a potion of ambrosia
 g - 4 potions of flight
 j - a potion of mutation
 n - 3 potions of curing
 t - a potion of lignification
 u - a potion of resistance
 v - 2 potions of brilliance
 F - a potion of haste
Books
 h - a book of the Earth

   Spells                             Type                      Level
   a - Leda's Liquefaction            Hexes/Earth                  4
   b - Bolt of Magma                  Conjuration/Fire/Earth       5
   c - Statue Form                    Transmutation/Earth          6
   d - Iron Shot                      Conjuration/Earth            6
   e - Shatter                        Earth                        9
 p - a book of Death

   Spells                             Type                      Level
   a - Corpse Rot                     Necromancy                   2
   b - Sublimation of Blood           Necromancy                   2
   c - Agony                          Necromancy                   5
   d - Dispel Undead                  Necromancy                   5
   e - Excruciating Wounds            Charms/Necromancy            5
   f - Bolt of Draining               Conjuration/Necromancy       5
 H - a book of Misfortune

   Spells                             Type                      Level
   a - Confusing Touch                Hexes                        2
   b - Confuse                        Hexes                        3
   c - Gell's Gravitas                Hexes/Translocation          3
   d - Petrify                        Transmutation/Earth          4
   e - Metabolic Englaciation         Hexes/Ice                    5
   f - Yara's Violent Unravelling     Hexes/Transmutation          5
Comestibles
 f - 13 bread rations
 q - a beef jerky
 s - 3 meat rations
 E - a chunk of flesh


   Skills:
 + Level 12.4 Fighting
 + Level 13.4 Axes
 + Level 8.8 Armour
 + Level 3.3 Dodging
 - Level 7.1 Shields
 + Level 5.7 Invocations


You had 10 spell levels left.
You didn't know any spells.

Dungeon Overview and Level Annotations

Branches:
Dungeon (12/15)            Temple (1/1) D:5            Lair (0/6) D:9
    Orc: D:9-12

Altars:
Elyvilon
Fedhas
Hepliaklqana
Nemelex Xobeh
Okawaru
Yredelemnul

Shops:
D:6 }


Message History

You kill the swamp worm!
Okawaru accepts your kill.
No target in view!
No target in view!
No target in view!
No target in view!
No target in view!
No target in view!
You butcher the worm corpse.
E - a chunk of flesh A swamp worm bursts forth from the water.
You block the swamp worm's attack. The swamp worm barely misses you. x2
A swamp worm bursts forth from the water.
The swamp worm bites you but does no damage.
The swamp worm bites you! The swamp worm bites you!!
* * * LOW HITPOINT WARNING * * *
You closely miss the swamp worm. You slash the swamp worm!
The swamp worm is moderately wounded.
The swamp worm bites you!
You die...

#.# #.# #†# #.###
#...###########
#.#.≈≈≈≈≈≈≈...###
#.≈≈≈≈≈≈≈≈≈≈≈...
#≈≈≈#######≈≈≈#
##≈≈##≈w@≈≈#P≈≈#
#.≈≈#?≈≈w≈≈≈≈≈≈# ..
#.≈≈##≈≈≈≈≈#≈†≈##....
#.≈≈≈#######≈≈≈.'....
#..≈≈≈≈≈≈≈≈≈≈≈#.#(...
#....≈≈≈≈)≈≈†##.# ...
#..........†....#
#.......†....####
#............#


You could see 2 swamp worms.

Vanquished Creatures
  The ghost of HAL9000 the Cleaver, a journeyman CeBe of Trog (D:12)
  A hydra (D:11)
  2 hill giants
  2 ugly things (D:12)
  A cyclops (D:12)
  A guardian serpent (D:9)
  Maurice (D:8)
  A troll (D:12)
  A two-headed ogre (D:8)
  A spriggan (D:7)
  A wyvern (D:8)
  6 yaks
  3 swamp worms (D:12)
  3 wargs (D:9)
  A water moccasin (D:4)
  2 sky beasts
  A phantom (D:7)
  4 ogres
  2 orc warriors
  A wasp (D:8)
  9 centaurs
  3 big kobolds
  A giant frog (D:10)
  8 gnoll sergeants (Bailey)
  4 scorpions
  3 wights (D:8)
  4 killer bees (D:8)
  3 howler monkeys
  4 crimson imps
  2 centaur zombies
  2 jellies
  2 quasits
  10 hounds
  An orc priest (D:9)
  10 orc wizards
  6 gnoll shamans (Bailey)
  2 iguanas
  9 worker ants
  A killer bee zombie (D:6)
  2 hound zombies
  4 hound skeletons
  Robin (D:3)
  A worker ant zombie (D:5)
  12 adders
  20 gnolls
  2 oozes
  14 worms
  4 dart slugs (D:1)
  4 giant geckos
  30 orcs
  4 giant cockroaches (D:3)
  20 goblins
  13 hobgoblins
  16 jackals
  2 quokkas
  4 ball pythons
  7 bats
  5 giant newts
  17 kobolds
  A quokka skeleton (D:5)
  8 rats
  A spectral orc (D:8)
  A plant (D:12)
313 creatures vanquished.

Vanquished Creatures (others)
  2 plants (D:12)
2 creatures vanquished.

Grand Total: 315 creatures vanquished

Notes
Turn   | Place    | Note
--------------------------------------------------------------
     0 | D:1      | Ijustatesigmund the Hill Orc Fighter began the quest for the Orb.
     0 | D:1      | Reached XP level 1. HP: 19/19 MP: 1/1
    15 | D:1      | Reached skill level 3 in Axes
   114 | D:1      | Reached XP level 2. HP: 27/27 MP: 2/2
   368 | D:1      | You fall through a shaft!
   470 | D:2      | Reached XP level 3. HP: 33/33 MP: 3/3
   544 | D:1      | Reached skill level 4 in Axes
   944 | D:2      | Reached XP level 4. HP: 41/41 MP: 4/4
  1053 | D:3      | Found a glowing drain.
  1065 | D:3      | Reached skill level 5 in Axes
  1115 | Sewer    | Entered a sewer
  1430 | Sewer    | Noticed a big kobold
  1453 | Sewer    | Killed a big kobold
  1453 | Sewer    | Reached skill level 5 in Fighting
  1453 | Sewer    | Reached skill level 6 in Axes
  1453 | Sewer    | Reached XP level 5. HP: 35/48 MP: 5/5
  1469 | Sewer    | Found a white marble altar of Elyvilon.
  1747 | D:3      | Reached XP level 6. HP: 56/56 MP: 6/6
  2124 | D:3      | Noticed Robin
  2136 | D:3      | Killed Robin
  2404 | D:4      | Noticed a water moccasin
  2416 | D:4      | Killed a water moccasin
  2416 | D:4      | Reached skill level 7 in Axes
  2416 | D:4      | Reached XP level 7. HP: 50/63 MP: 7/7
  2820 | D:4      | Found a hazy altar of Hepliaklqana.
  2876 | D:5      | Entered Level 5 of the Dungeon
  3327 | D:5      | Found a staircase to the Ecumenical Temple.
  3333 | Temple   | Entered the Ecumenical Temple
  3343 | Temple   | Became a worshipper of Warmaster Okawaru
  3676 | D:5      | Reached XP level 8. HP: 60/71 MP: 8/8
  3959 | D:6      | Found a sparkling altar of Nemelex Xobeh.
  3984 | D:6      | Found a blossoming altar of Fedhas.
  4008 | D:6      | Reached skill level 8 in Axes
  4008 | D:6      | Reached skill level 5 in Armour
  4185 | D:6      | Found an iron altar of Okawaru.
  4348 | D:5      | Reached skill level 5 in Shields
  4509 | D:6      | Found Usops's Gadget Boutique.
  4512 | D:6      | Bought a wand of disintegration (9/24) for 130 gold pieces
  4555 | D:6      | Reached * piety under Okawaru
  5081 | D:7      | Noticed a spriggan baker
  5084 | D:7      | Killed a spriggan baker
  5834 | D:8      | Reached skill level 9 in Axes
  5834 | D:8      | Reached XP level 9. HP: 73/81 MP: 9/9
  5946 | D:8      | Found a flagged portal.
  5953 | Bailey   | Entered a bailey
  6037 | Bailey   | Reached ** piety under Okawaru
  6630 | Bailey   | Reached skill level 1 in Invocations
  7136 | D:8      | Reached skill level 10 in Axes
  7170 | D:8      | Noticed Maurice
  7175 | D:8      | Found a basalt altar of Yredelemnul.
  7237 | D:8      | Killed Maurice
  7237 | D:8      | Reached *** piety under Okawaru
  7237 | D:8      | Reached XP level 10. HP: 64/92 MP: 13/13
  7333 | D:8      | Reached skill level 11 in Axes
  7406 | D:8      | Found a white marble altar of Elyvilon.
  7419 | D:8      | Reached skill level 10 in Fighting
  7811 | D:8      | Paralysed by a wasp for 1 turns
  7994 | D:9      | Found a staircase to the Lair.
  8009 | D:9      | Reached **** piety under Okawaru
  8081 | D:9      | Reached skill level 12 in Axes
  8199 | D:9      | Got a pair of slimy gloves
  8205 | D:9      | Identified the +1 pair of gloves "Fojuedwy" {rC+} (You found it on level 9 of the Dungeon)
  8259 | D:9      | Noticed a guardian serpent
  8276 | D:9      | Killed a guardian serpent
  8712 | D:10     | Entered Level 10 of the Dungeon
  8942 | D:10     | Reached skill level 1 in Dodging
  8969 | D:10     | Reached ***** piety under Okawaru
  8969 | D:10     | Reached XP level 11. HP: 75/103 MP: 14/14
  9306 | D:11     | Noticed a hill giant
  9313 | D:11     | Killed a hill giant
  9357 | D:11     | Noticed a seven-headed hydra
  9682 | D:11     | Killed a 19-headed hydra
  9682 | D:11     | Reached skill level 13 in Axes
 10229 | D:12     | Noticed a cyclops
 10242 | D:12     | Killed a cyclops
 10245 | D:12     | Noticed HAL9000's ghost (journeyman CeBe)
 10653 | D:12     | Killed HAL9000's ghost
 10685 | D:12     | Reached skill level 5 in Invocations
 10760 | D:12     | Noticed a white ugly thing
 10770 | D:12     | Killed a white ugly thing
 10770 | D:12     | Received a gift from Okawaru
 10773 | D:12     | Got an ancient cloak {god gift}
 10784 | D:12     | Identified the +0 cloak of Summer {+Fly rF- SInv} (Okawaru gifted it to you on level 12 of the Dungeon)
 10898 | D:12     | Noticed a white ugly thing
 10927 | D:12     | Killed a white ugly thing
 11010 | D:12     | Noticed a hill giant
 11024 | D:12     | Killed a hill giant
 11241 | D:12     | Slain by a swamp worm

Vault maps used:
D:1:      scummos_arrival_star
D:2:      minitemple, tgw_trog
D:3:      gup_sewer_entry_glass, uniq_robin
D:4:      kennysheep_mini_moat, first_bread
D:5:      temple_green
D:6:      nemelex_xobeh_ov_fountains_minmay, fedhas_bush_and_centaur_altar,
          basic_altar, serial_shops, shop, sigmund_army
D:7:      the_bakery
D:8:      yredelemnul_forgotten_temple_becter, elyvilon_altar_5, enter_bailey_2,
          uniq_maurice
D:9:      erik_lair_orcish_takeover, nrook_guardian_serpent_ordinary
D:12:     david_orc_4, serial_shops, shop, st_stairs_7, worms_lemuel, uniq_sonja
Temple:   nicolae_temple_god_jail
Sewer:    sewer_kobolds
Bailey:   bailey_polearm_gnolls_kennysheep, bailey

Skill      XL: |  1  2  3  4  5  6  7  8  9 10 11 |
---------------+----------------------------------+-----
Axes           | 3 4 6 7 9 10 12 13 | 13.4
Fighting       | 4 5 6 8 9 11 12 | 12.4
Armour         | 4 6 7 8 |  8.8
Shields        | 4 5 6 7 |  7.1
Invocations    | 4 5 |  5.7
Dodging        | 1 3 |  3.3

Action                   |  1- 3 |  4- 6 |  7- 9 | 10-12 || total
-------------------------+-------+-------+-------+-------++-------
Melee: War axe           |   126 |   178 |   346 |   461 ||  1111
Throw: Throwing net      |       |       |     1 |       ||     1
Invok: Heroism           |       |       |     2 |     6 ||     8
       Finesse           |       |       |       |     1 ||     1
  Use: Scroll            |     4 |     2 |    14 |    11 ||    31
       Potion            |       |     1 |     4 |     5 ||    10
 Stab: Invisible         |       |       |     7 |       ||     7
  Eat: Chunk             |       |     4 |    14 |     7 ||    25
       Beef jerky        |       |     1 |       |     1 ||     2
       Pizza             |       |       |     1 |       ||     1
       Fruit             |       |       |       |     3 ||     3
       Royal jelly       |       |       |       |     1 ||     1
Armor: Scale mail        |    56 |    60 |       |       ||   116
       Chain mail        |       |    58 |   182 |   158 ||   398
Dodge: Dodged            |    37 |    50 |   143 |   171 ||   401
Block: Shield            |    60 |   111 |   229 |   229 ||   629
